Map: 워터폴

Players

Cure

  • Race: Terran Terran
  • Spawn Location: 1:00

Bunny - Winner!

  • Race: Terran Terran
  • Spawn Location: 7:00

Event: DreamHack SC2 Masters 2022 Atlanta (Offline)

VOD

Have the link to the VOD?

Description

Time

  • Played on: Nov. 18, 2022, 5:30 p.m.
  • Length: 10:50

All games in this series

Show
View Real Time Build Order
Export as new Build Order

Cure Terran 

Build Orders:  

Get SALT Encoding   

  12  0:00  SCV  
  13  0:12  SCV  
  14  0:17  Supply Depot  
  14  0:24  SCV  
  15  0:38  SCV  
  15  0:39  Barracks  
  16  0:43  Refinery  
  16  0:50  SCV  
  16  0:52  Refinery  
  17  1:02  SCV  
  18  1:14  SCV  
  19  1:27  Reaper, Orbital Command  
  19  1:29  Supply Depot  
  20  1:40  Factory  
  20  1:52  SCV  
  21  1:59  Barracks Reactor  
  21  2:04  SCV  
  22  2:16  Command Center  
  22  2:19  SCV  
  23  2:26  Hellion  
  25  2:32  SCV  
  25  2:36  Reaper x2  
  27  2:41  Supply Depot  
  27  2:44  SCV  
  27  2:47  Widow Mine  
  30  2:57  SCV  
  31  3:03  Starport  
  31  3:08  Marine x2  
  31  3:09  SCV  
  31  3:10  Factory Tech Lab  
  34  3:21  SCV  
  34  3:26  Refinery  
  35  3:27  Marine x2  
  35  3:33  SCV  
  38  3:35  Factory Tech Lab  
  38  3:41  Orbital Command  
  38  3:45  SCV, Marine x2  
  41  3:48  Raven  
  41  3:53  Cyclone  
  46  3:57  SCV  
  46  4:01  Supply Depot  
  47  4:07  SCV  
  47  4:09  SCV, Marine  
  49  4:10  Marine  
  51  4:19  Supply Depot, SCV  
  51  4:21  SCV  
  53  4:25  Siege Tank  
  53  4:27  Marine  
  53  4:28  Marine  
  58  4:32  Raven  
  59  4:41  SCV x2  
  56  4:45  Marine  
  56  4:46  Marine  
  56  4:53  SCV x2  
  57  5:03  Siege Tank  
  57  5:05  SCV x2, Marine x2  
  64  5:08  Supply Depot  
  64  5:09  Supply Depot  
  64  5:16  Raven  
  64  5:17  SCV  
  64  5:18  SCV  
  68  5:23  Marine x2  
  68  5:27  Supply Depot  
  70  5:31  Supply Depot, SCV x2  
  72  5:36  Siege Tank  
  75  5:43  SCV x2  
  77  5:55  SCV x2  
  79  6:00  Command Center  
  79  6:05  Supply Depot  
  79  6:06  Marine  
  79  6:09  Viking x2  
  79  6:10  Siege Tank  
  87  6:16  SCV  
  87  6:17  SCV  
  89  6:22  Supply Depot  
  89  6:23  Marine  
  89  6:24  Refinery  
  90  6:31  SCV x2  
  92  6:37  Stimpack  
  92  6:39  Viking x2  
  94  6:41  Marine  
  94  6:43  SCV x2  
  94  6:44  Barracks  
  94  6:46  Barracks  
  97  6:51  Siege Tank  
  100  6:55  SCV  
  100  6:56  SCV  
  100  6:59  Engineering Bay  
  100  7:00  Engineering Bay, Marine  
  103  7:09  Viking x2  
  103  7:12  Orbital Command  
  107  7:15  SCV  
  107  7:16  SCV  
  107  7:20  Marine  
  110  7:28  SCV, Siege Tank  
  110  7:36  Terran Infantry Weapons Level 1  
  110  7:37  Orbital Command  
  110  7:39  Viking  
  112  7:44  SCV x2  
  114  7:54  Barracks Reactor x2, Marine  
  114  7:55  Viking  
  114  7:56  SCV x2  
  120  8:05  SCV  
  120  8:08  SCV  
  120  8:10  SCV, Siege Tank  
  120  8:12  Refinery  
  117  8:14  Refinery, Marine  
  117  8:17  SCV  
  119  8:20  SCV  
  119  8:22  Barracks x2  
  119  8:23  Viking  
  119  8:25  Viking  
  124  8:31  Marine  
  125  8:35  Supply Depot x2  
  125  8:37  Marine x4  
  125  8:39  SCV x2  
  130  8:49  Siege Tank  
  133  8:56  Supply Depot, Medivac x2, Marine x4  
  133  8:57  SCV x2, Marine  
  133  8:58  Supply Depot, Orbital Command  
  144  9:06  Refinery  
  144  9:07  Refinery  
  144  9:09  SCV x2  
  144  9:14  Marine  
  144  9:17  Barracks Reactor, Marine x3  
  140  9:18  Barracks Reactor, Marine  
  140  9:21  SCV  
  147  9:27  Armory  
  147  9:31  Siege Tank  
  148  9:35  Orbital Command  
  148  9:40  Marine x5  
  138  9:54  SCV x2  
  138  9:58  Marine  
  141  10:01  Marine x4  
  141  10:02  Marine x4  
  141  10:06  SCV x2  
  141  10:07  SCV  
  147  10:10  Medivac x2  
  151  10:18  SCV  
  152  10:27  Barracks Reactor, Sensor Tower  
  152  10:28  Marine x8  
  161  10:29  Barracks Tech Lab  
Show
View Real Time Build Order
Export as new Build Order

Bunny Terran - Winner!

Build Orders:  

Get SALT Encoding   

  12  0:00  SCV  
  13  0:12  SCV  
  14  0:16  Supply Depot  
  14  0:24  SCV  
  15  0:38  SCV  
  15  0:39  Barracks  
  16  0:42  Refinery  
  16  0:50  SCV  
  16  0:54  Refinery  
  17  1:02  SCV  
  18  1:14  SCV  
  19  1:26  Reaper, Orbital Command  
  19  1:29  Supply Depot  
  20  1:43  Factory  
  20  1:52  SCV  
  21  1:58  Reaper  
  22  2:04  SCV  
  23  2:16  SCV  
  24  2:28  Hellion  
  24  2:29  SCV  
  27  2:30  Command Center  
  27  2:36  Barracks Reactor  
  27  2:41  SCV  
  27  2:42  Supply Depot  
  28  2:49  Factory Tech Lab  
  28  2:51  Starport  
  28  2:53  SCV  
  29  3:05  SCV  
  29  3:07  Cyclone  
  29  3:11  Marine x2  
  35  3:18  SCV  
  35  3:19  Supply Depot  
  36  3:27  Medivac  
  36  3:29  Marine  
  39  3:40  SCV, Siege Tank, Marine  
  44  3:46  Orbital Command  
  44  3:49  Marine  
  44  3:53  Refinery  
  45  3:58  Starport Tech Lab  
  45  3:59  Marine  
  45  4:00  SCV  
  47  4:07  Marine  
  48  4:12  SCV  
  48  4:13  SCV  
  50  4:17  Supply Depot, Marine  
  50  4:21  Raven  
  53  4:24  Marine  
  53  4:27  SCV x2  
  56  4:32  Supply Depot  
  56  4:34  Marine  
  56  4:42  Siege Tank  
  56  4:45  Marine  
  56  4:49  SCV x2  
  56  4:52  Marine  
  59  5:03  SCV x2, Marine  
  59  5:04  Raven  
  64  5:08  Command Center  
  64  5:10  Marine  
  65  5:15  Refinery  
  65  5:19  Siege Tank  
  65  5:20  SCV  
  65  5:21  SCV, Marine  
  70  5:25  Supply Depot  
  70  5:28  Marine  
  71  5:33  SCV x2  
  71  5:34  Supply Depot  
  74  5:45  SCV x2  
  76  5:54  Siege Tank  
  79  6:00  SCV x2  
  79  6:03  Supply Depot, Viking x2  
  85  6:05  Stimpack, Marine  
  86  6:11  Barracks  
  86  6:13  Barracks  
  86  6:21  Orbital Command  
  86  6:26  Siege Tank  
  86  6:32  Marine  
  87  6:33  Viking x2, SCV x2  
  93  6:46  Orbital Command  
  93  6:50  SCV x2, Marine  
  96  6:54  Engineering Bay x2  
  96  6:55  Supply Depot  
  96  6:58  Siege Tank  
  99  7:02  Viking  
  99  7:03  Viking  
  99  7:06  Barracks Reactor x2  
  103  7:11  Marine  
  103  7:14  SCV x2  
  102  7:17  Orbital Command  
  99  7:28  SCV  
  99  7:29  SCV  
  100  7:32  Siege Tank  
  101  7:38  Marine  
  101  7:39  Viking  
  101  7:40  Viking  
  106  7:46  Marine x4  
  106  7:49  SCV x3  
  113  7:56  Marine  
  114  8:03  Marine  
  114  8:04  Marine x3  
  117  8:12  Medivac x2, Combat Shield  
  120  8:13  Marine  
  119  8:21  Marine x4  
  123  8:31  Marine  
  124  8:35  SCV  
  124  8:41  Supply Depot x3  
  125  8:43  Barracks  
  125  8:47  Barracks  
  125  8:50  Marine x2  
  125  8:51  SCV  
  125  8:59  Marine x3  
  125  9:00  SCV, Siege Tank  
  132  9:08  Viking, Marine x2  
  137  9:15  Liberator  
  136  9:19  Marine x3  
  139  9:26  Marine x2  
  142  9:32  Siege Tank, Orbital Command  
  142  9:33  Barracks Reactor  
  142  9:34  Barracks Reactor, Supply Depot  
  142  9:36  Supply Depot  
  142  9:37  Marine x3  
  147  9:44  Marine  
  148  9:48  Medivac  
  148  9:51  Marine  
  151  9:55  Marine x3  
  151  9:58  Medivac  
  156  10:02  Marine  
  156  10:04  Siege Tank  
  160  10:09  Marine  
  160  10:12  Marine  
  160  10:13  Marine x6  
  168  10:19  Marine  
  171  10:27  Marine  
  172  10:30  Marine  
Tags
 
Add a new tag
Caveats
  • Supply blocks, unpowered buildings, or Contaminate may cause inaccurate times.
  • Supply counts are checked every 10 seconds.